 Dungeon Crawl Stone Soup version 0.31-a0-523-g071a6c1ffa (webtiles) character file.

Game seed: 2610499988791913530

120134 Maratek the Severer (level 16, -3/228 HPs)
             Began as a Minotaur Fighter on Aug 11, 2023.
             Was the Champion of Makhleb.
             Shot with an arrow by a satyr (13 damage)
             ... on level 4 of the Shoals.
             The game lasted 01:09:52 (25405 turns).

Maratek the Severer (Minotaur Fighter)             Turns: 25405, Time: 01:09:55

Health: -3/228     AC: 31    Str: 28    XL:     16   Next: 29%
Magic:  0/16       EV:  2    Int:  5    God:    Makhleb [******]
Gold:   1554       SH: 15    Dex: 21    Spells: 15/15 levels left

rFire   + . .        O - +4 broad axe of Cobwebs {spect, rCorr Dex+4}
rCold   + + .        J - +0 kite shield {AC+3}
rNeg    . . .        d - melded +3 plate armour
rPois   +            (helmet currently unavailable)
rElec   +            y - melded scarf {rC+ rF+}
rCorr   +            t - melded +2 pair of gloves
SInv    .            k - melded +0 pair of boots
Will    ++...        m - amulet of guardian spirit
Stlth   ++++         v - +6 ring of dexterity
HPRegen 0.58/turn    p - ring "Jelup" {Fly rC+ Stlth+}
MPRegen 0.15/turn

%: guardian spirit
@: brilliant, tree-form, resistant, afraid, enlightened
A: stationary, stasis, torment immunity, boosted hp, (horns 2), (retaliatory
headbutt), deterioration 1, subdued magic 1, devolution 1
a: Renounce Religion, Minor Destruction, Lesser Servant of Makhleb, Major
Destruction, Greater Servant of Makhleb


You were on level 4 of the Shoals.
You worshipped Makhleb.
Makhleb was exalted by your worship.
You were a tree.
You visited 4 branches of the dungeon, and saw 23 of its levels.
You visited the Abyss 1 time.

You collected 1866 gold pieces.
You spent 312 gold pieces at shops.

Inventory:

Hand Weapons
 O - the +4 broad axe of Cobwebs (weapon) {spect, rCorr Dex+4}
   (You acquired it on level 5 of the Lair of Beasts)

   Dex+4:     It affects your dexterity (+4).
   rCorr:     It protects you from acid and corrosion.
Armour
 d - a +3 plate armour (melded)
 k - a +0 pair of boots (melded)
 t - a +2 pair of gloves (melded)
 y - a scarf of resistance (melded)
 J - a +0 kite shield of protection (worn)
Jewellery
 m - an amulet of guardian spirit (around neck)
 o - an amulet of reflection
 p - the ring "Jelup" (right branch) {Fly rC+ Stlth+}
   (You found it on level 3 of the Dungeon)

   [ring of flight]

   rC+:       It protects you from cold.
   Fly:       It grants you flight.
   Stlth+:    It makes you more stealthy.
 s - a ring of protection from cold
 v - a +6 ring of dexterity (left branch)
Wands
 r - a wand of charming (29)
 w - a wand of iceblast (30)
 D - a wand of polymorph (8)
 E - a wand of digging (9)
 F - a wand of mindburst (23)
 H - a wand of quicksilver (12)
 N - a wand of flame (11)
Scrolls
 a - 3 scrolls of identify
 f - 9 scrolls of teleportation
 i - 2 scrolls of amnesia
 j - 4 scrolls of fog
 l - a scroll of fear
 I - 3 scrolls of revelation
 M - a scroll of brand weapon
Potions
 c - a potion of cancellation
 e - a potion of resistance
 g - 4 potions of enlightenment
 u - a potion of brilliance
 x - 3 potions of mutation
 z - 2 potions of attraction
 C - 2 potions of lignification
Miscellaneous
 Q - a tin of tremorstones (inert)


   Skills:
 + Level 16.6 Fighting
 + Level 19.6 Axes
 + Level 17.0 Armour
 + Level 5.4 Dodging
 + Level 5.5 Stealth
 + Level 15.5 Shields
 + Level 2.3 Invocations
 + Level 2.0 Evocations


You had 15 spell levels left.
You didn't know any spells.
Your spell library contained the following spells:

 Spells                   Type           Power      Damage    Failure   Level
 Freeze                   Ice            0%         1d3       54%         1
 Poisonous Vapours        Pois/Air       0%         N/A       69%         2
 Static Discharge         Conj/Air       0%         2-2/arc   69%         2
 Frozen Ramparts          Ice            0%         1d1       89%         3
 Hailstorm                Conj/Ice       0%         3d3       89%         3
 Mephitic Cloud           Conj/Pois/Air  0%         N/A       89%         3
 Volatile Blastmotes      Fire/Tloc      0%         2d10      89%         3
 Airstrike                Air            0%         2d(0-16)  100%        4
 Animate Armour           Summ/Erth      0%         N/A       100%        4
 Animate Dead             Necr           0%         N/A       100%        4
 Fulminant Prism          Conj/Hex       0%         3d5       100%        4
 Iskenderun's Mystic Bla  Conj/Tloc      0%         2d3       100%        4
 Manifold Assault         Tloc           0%         N/A       100%        4
 Summon Lightning Spire   Summ/Air       0%         N/A       100%        4
 Borgnjor's Vile Clutch   Necr/Erth      0%         N/A       100%        5
 Freezing Cloud           Conj/Ice/Air   0%         6-21      100%        5
 Lee's Rapid Deconstruct  Erth           0%         3d4*      100%        5
 Death Channel            Necr           0%         N/A       100%        6
 Dispersal                Tloc           0%         N/A       100%        6
 Disjunction              Tloc           0%         N/A       100%        8


Dungeon Overview and Level Annotations

Branches:
Dungeon (13/15)            Temple (1/1) D:5            Lair (5/5) D:11
 Shoals (4/4) Lair:3        Snake (0/4) Lair:2        Slime (0/5) Lair:4
    Orc (0/2) D:9          Vaults (0/5) D:13

Altars:
Ashenzari
Cheibriados
Dithmenos
Elyvilon
Fedhas
Gozag
Hepliaklqana
Kikubaaqudgha
Makhleb
Nemelex Xobeh
Okawaru
Qazlal
Ru
Sif Muna
Trog
Uskayaw
Vehumet
Wu Jian
Xom
Yredelemnul
Zin
The Shining One
Jiyva

Shops:
D:4 ?   D:6 (*?   D:13 [

Annotations:
D:8 3 runed translucent doors, Shym's ghost, novice NaWr
D:10 3 runed translucent doors
Lair:1 2 transporters, baljet's ghost, novice TrFi
Lair:3 exclusion: oklob plant
Shoals:1 1 runed translucent door, Wusuin's ghost, adept MiBe
Shoals:2 3 runed translucent doors, exclusion: obsidian statue, flestrin's ghost, adept SpEn


Innate Abilities, Weirdness & Mutations

You are a tree.
Your roots penetrate the ground, keeping you stationary.
You cannot be teleported.
You are immune to unholy pain and torment.
Your maximum health is greatly increased.
Your equipment is partially melded.
((You have a pair of horns on your head.))
((You reflexively headbutt those who attack you in melee.))
Your body sometimes deteriorates upon taking damage.
Your spells are a little easier to cast, but a little less powerful.
You have hidden genetic defects.


Message History

You kill the manticore!
Makhleb accepts your kill.
You feel better.
Your +4 broad axe of Cobwebs {spect, rCorr Dex+4} hits the merfolk but does no damage.
Your +4 broad axe of Cobwebs {spect, rCorr Dex+4} hits the merfolk!!
Your +4 broad axe of Cobwebs {spect, rCorr Dex+4} hits the merfolk!
Your +4 broad axe of Cobwebs {spect, rCorr Dex+4} hits the satyr.
The merfolk hits you but does no damage.
The satyr shoots an arrow.
The arrow hits your +4 broad axe of Cobwebs {spect, rCorr Dex+4}!!!
Your spectral weapon shares its damage with you!
Your +4 broad axe of Cobwebs {spect, rCorr Dex+4} disappears.
* * * LOW HITPOINT WARNING * * *
The satyr shoots an arrow.
The arrow hits you.
* * * LOW HITPOINT WARNING * * *
The merfolk hits you but does no damage.
You barely miss the satyr. You slash the merfolk!
Your +4 broad axe of Cobwebs {spect, rCorr Dex+4} hits the merfolk!
You kill the merfolk!
Makhleb accepts your kill.
Your +4 broad axe of Cobwebs {spect, rCorr Dex+4} hits the merfolk but does no damage.
Your +4 broad axe of Cobwebs {spect, rCorr Dex+4} hits the satyr.
Your +4 broad axe of Cobwebs {spect, rCorr Dex+4} hits the satyr!
Your +4 broad axe of Cobwebs {spect, rCorr Dex+4} barely misses the merfolk.
The merfolk hits you from afar with a +0 trident!
* * * LOW HITPOINT WARNING * * *
The satyr shoots an arrow.
The arrow hits your +4 broad axe of Cobwebs {spect, rCorr Dex+4}!!
Your spectral weapon shares its damage with you!
* * * LOW HITPOINT WARNING * * *
The satyr shoots an arrow.
The arrow hits you but does no damage.
Your Evocations skill increases to level 2!
There are monsters nearby!
You feel more clever all of a sudden.
Your +4 broad axe of Cobwebs {spect, rCorr Dex+4} disappears.
You feel less invigorated.
You feel less confused. You block the merfolk's attack.
The satyr shoots an arrow.
You block the arrow.
The satyr shoots an arrow.
The arrow hits you!!
You die...

.8 #. ..# ..## ##. ##
..# ...~. #~. .#.~.
..... #..#).#
....~~###)c.#
...#..#.c##.....#..#
#....m..# ...[#~..
#....c()# ##.##.##
#.....♣.# #..#...
##..###.###.#..#
#.~...#.##.....#
#....)).#...#.#
..#.....#)......#≈≈≈≈≈
.....~....)..[#.##≈≈≈≈≈
#...#.....#..##..#≈≈≈≈≈≈
#.. #..~..#.##...#≈≈≈≈≈≈
#8 #########...#≈≈≈≈≈≈≈


You could see 2 satyrs and a merfolk.

Vanquished Creatures
  Frances (Shoals:2)
  Donald (Shoals:1)
  Polyphemus (Shoals:2)
  Ilsuiw (Shoals:2)
  A minotaur (Shoals:4)
  2 merfolk javelineers
  4 merfolk impalers
  3 hydras
  4 vault guards (D:13)
  6 catoblepae
  A merfolk aquamancer (Shoals:2)
  2 centaur warriors
  A merfolk avatar (Shoals:3)
  Erica (D:11)
  A tengu warrior (D:13)
  2 boulder beetles (D:13)
  3 satyrs (Shoals:4)
  9 death yaks
  2 two-headed ogres
  A deep elf knight (D:13)
  2 skysharks
  A wretched star (Abyss:2)
  9 sea snakes
  A wizard (D:13)
  A lindwurm (Lair:5)
  17 harpies
  Jeremiah (D:8)
  An orc knight (D:13)
  Pikel (D:4)
  A deep elf pyromancer (D:13)
  5 cyclopes
  11 manticores
  An ugly thing (D:13)
  9 fauns
  34 elephants
  10 merfolk sirens
  Maurice (D:8)
  A water nymph (Shoals:2)
  4 black mambas (Lair:2)
  An apocalypse crab (Abyss:2)
  2 molten gargoyles (D:13)
  A torpor snail (Lair:2)
  2 unseen horrors (D:11)
  2 gargoyles
  An orange demon (Abyss:2)
  16 cane toads
  6 rime drakes
  Psyche (D:9)
  13 komodo dragons
  A yaktaur (D:13)
  A kobold demonologist (D:12)
  A tengu conjurer (D:13)
  3 trolls
  13 merfolk
  5 wind drakes
  7 hornets (Lair:5)
  8 polar bears
  8 dream sheep
  8 blink frogs
  5 snapping turtles
  14 spriggans (Lair:5)
  3 flying skulls (Abyss:2)
  3 water elementals (Shoals:2)
  A shadow (D:12)
  A vampire (D:11)
  A ynoxinul (Abyss:2)
  A culicivora (shapeshifter) (Abyss:2)
  A large abomination (Abyss:2)
  2 wraiths
  8 wyverns
  29 yaks
  A fire elemental (Lair:2)
  Grum (D:11)
  4 basilisks
  2 steam dragons
  9 vampire mosquitoes
  A chaos spawn (Abyss:2)
  2 small abominations (Abyss:2)
  4 acid dragons
  26 water moccasins
  2 orc warriors
  An ice beast (D:5)
  4 sky beasts (D:7)
  9 black bears
  3 boggarts (Lair:5)
  A black bear (shapeshifter) (D:13)
  2 ogres
  20 wolves
  10 centaurs
  4 kobold brigands
  12 bullfrogs
  A gnoll sergeant (D:8)
  3 scorpions
  14 killer bees
  5 howler monkeys
  2 electric eels (Lair:3)
  3 lava snakes (D:13)
  4 hounds
  An iron imp (Abyss:2)
  3 jellies
  6 orc priests
  A gnoll bouda (D:8)
  5 iguanas
  2 sleepcaps
  5 orc wizards
  11 gnolls
  10 adders
  A white imp (D:7)
  A dart slug (D:3)
  23 orcs
  4 bats
  6 endoplasms
  2 giant cockroaches
  8 goblins
  11 hobgoblins
  25 kobolds
  A quokka (D:4)
  4 ball pythons
  3 frilled lizards
  3 rats
613 creatures vanquished.

Vanquished Creatures (others)
  A faun (Shoals:4)
  A steam dragon (D:7)
  A lurking horror (Abyss:2)
  15 spectral weapons
18 creatures vanquished.

Grand Total: 631 creatures vanquished

Notes
Turn   | Place    | Note
-------+----------+-------------------------------------------
     0 | D:1      | Maratek the Minotaur Fighter began the quest for the Orb.
     0 | D:1      | Reached XP level 1. HP: 19/19 MP: 0/0
   207 | D:1      | Reached XP level 2. HP: 26/27 MP: 1/1
   652 | D:2      | Reached XP level 3. HP: 33/33 MP: 2/2
   836 | D:2      | Reached skill level 3 in Axes
  1064 | D:2      | Reached XP level 4. HP: 41/41 MP: 3/3
  1318 | D:3      | Identified the ring "Jelup" {Fly rC+ Stlth+}
  1460 | D:3      | Found a stormy altar of Qazlal.
  1804 | D:4      | Found a blossoming altar of Fedhas.
  1808 | D:4      | Reached skill level 4 in Axes
  1867 | D:4      | Reached skill level 1 in Dodging
  1867 | D:4      | Reached XP level 5. HP: 39/47 MP: 4/4
  1910 | D:4      | Noticed a lemure
  1955 | D:4      | Reached skill level 5 in Axes
  2005 | D:4      | Found a glowing golden altar of the Shining One.
  2032 | D:4      | Noticed a black bear
  2041 | D:4      | Killed a black bear
  2042 | D:4      | Reached skill level 5 in Armour
  2042 | D:4      | Reached XP level 6. HP: 46/55 MP: 3/5
  2112 | D:4      | Noticed Pikel
  2132 | D:4      | Killed Pikel
  2133 | D:4      | Reached skill level 5 in Fighting
  2133 | D:4      | Reached skill level 6 in Axes
  2133 | D:4      | Reached XP level 7. HP: 16/61 MP: 2/6
  2651 | D:4      | Found The Oracle's Delphic Readings.
  2669 | D:4      | Bought a scroll of identify for 20 gold pieces
  2669 | D:4      | Bought a scroll of identify for 20 gold pieces
  3008 | D:5      | Entered Level 5 of the Dungeon
  3055 | D:5      | Reached skill level 7 in Axes
  3065 | D:5      | Found a staircase to the Ecumenical Temple.
  3077 | Temple   | Entered the Ecumenical Temple
  3092 | Temple   | Became a worshipper of Makhleb the Destroyer
  3112 | D:5      | Found a shadowy altar of Dithmenos.
  3126 | D:5      | Reached XP level 8. HP: 62/69 MP: 4/7
  3187 | D:5      | Reached skill level 5 in Shields
  3207 | D:5      | Found a shimmering blue altar of Sif Muna.
  3320 | D:5      | Found a snail-covered altar of Cheibriados.
  3350 | D:5      | Found an iron altar of Okawaru.
  3366 | D:5      | You are sucked into a shaft and drop 3 floors!
  3367 | D:8      | Noticed Maurice
  3392 | D:8      | Reached skill level 8 in Axes
  3394 | D:8      | Killed Maurice
  3662 | D:6      | Reached skill level 9 in Axes
  3728 | D:6      | Found Wegonlu's Magic Scroll Emporium.
  3751 | D:6      | Bought a scroll of brand weapon for 123 gold pieces
  3751 | D:6      | Bought a scroll of enchant weapon for 97 gold pieces
  3751 | D:6      | Bought a scroll of identify for 26 gold pieces
  3751 | D:6      | Bought a scroll of identify for 26 gold pieces
  3860 | D:6      | Found Cidd's Assorted Antiques.
  3870 | D:6      | Reached * piety under Makhleb
  3995 | D:6      | Reached skill level 10 in Axes
  3995 | D:6      | Reached XP level 9. HP: 40/75 MP: 3/8
  4209 | D:6      | Reached skill level 1 in Stealth
  4223 | D:6      | Found Kaxkyst's Weapon Emporium.
  4612 | D:7      | Noticed a cyclops
  4635 | D:7      | Reached skill level 11 in Axes
  4636 | D:7      | Killed a cyclops
  4640 | D:7      | Reached skill level 1 in Evocations
  4648 | D:7      | Reached ** piety under Makhleb
  5023 | D:7      | Reached XP level 10. HP: 83/86 MP: 9/9
  5084 | D:7      | Reached skill level 12 in Axes
  5974 | D:8      | Found an ancient bone altar of Kikubaaqudgha.
  5974 | D:8      | Found a glowing silver altar of Zin.
  6384 | D:8      | Noticed Jeremiah
  6412 | D:8      | Killed Jeremiah
  6598 | D:8      | Found a runed translucent gate.
  6598 | D:8      | Found a runed translucent gate.
  6598 | D:8      | Found a runed translucent gate.
  7064 | D:8      | Noticed Shym's ghost (novice NaWr)
  7340 | D:9      | Reached *** piety under Makhleb
  7350 | D:9      | Reached skill level 13 in Axes
  7481 | D:9      | Noticed Psyche
  7487 | D:9      | Killed Psyche
  7558 | D:9      | Found a staircase to the Orcish Mines.
  7948 | D:9      | Noticed a two-headed ogre
  7956 | D:9      | Killed a two-headed ogre
  7957 | D:9      | Reached XP level 11. HP: 82/97 MP: 10/10
  8139 | D:10     | Entered Level 10 of the Dungeon
  8310 | D:10     | Reached skill level 10 in Armour
  8317 | D:10     | Reached skill level 14 in Axes
  8405 | D:10     | Found a hazy altar of Hepliaklqana.
  8529 | D:10     | Found a runed translucent gate.
  8530 | D:10     | Found a runed translucent gate.
  8531 | D:10     | Noticed a death yak
  8531 | D:10     | Found a runed translucent gate.
  8531 | D:10     | Noticed a death yak
  8532 | D:10     | Noticed a death yak
  8561 | D:10     | Found a broken altar of Ashenzari.
  9163 | D:11     | Found a staircase to the Lair.
  9168 | D:11     | Reached **** piety under Makhleb
  9181 | D:11     | Reached skill level 15 in Axes
  9441 | D:11     | Noticed Grum
  9445 | D:11     | Reached skill level 10 in Fighting
  9453 | D:11     | Killed Grum
  9493 | D:11     | Noticed Erica
  9502 | D:11     | Killed Erica
  9708 | D:11     | Noticed a two-headed ogre
  9718 | D:11     | Killed a two-headed ogre
 10471 | D:12     | Reached XP level 12. HP: 74/107 MP: 7/11
 10628 | D:12     | Noticed a centaur warrior
 10635 | D:12     | Killed a centaur warrior
 10827 | D:12     | Reached skill level 16 in Axes
 11525 | D:13     | Noticed a tengu warrior
 11530 | D:13     | Killed a tengu warrior
 11660 | D:13     | Noticed a vault guard
 11660 | D:13     | Noticed a vault guard
 11679 | D:13     | Noticed a boulder beetle
 11693 | D:13     | Killed a boulder beetle
 11728 | D:13     | Noticed a boulder beetle
 11735 | D:13     | Killed a boulder beetle
 11860 | D:13     | Found Suleotoe's Armour Emporium.
 11917 | D:13     | Killed a vault guard
 12175 | D:13     | Noticed a vault guard
 12190 | D:13     | Killed a vault guard
 12192 | Abyss:2  | Cast into level 2 of the Abyss (a wizard)
 12678 | Abyss:2  | Noticed a starcursed mass
 12689 | D:13     | Escaped the Abyss
 12744 | D:13     | Killed a vault guard
 12745 | D:13     | Reached XP level 13. HP: 61/117 MP: 6/12
 12902 | D:13     | Found a gate to the Vaults.
 12921 | D:13     | Reached skill level 17 in Axes
 13227 | D:13     | Reached ***** piety under Makhleb
 13248 | D:13     | Reached skill level 10 in Shields
 13709 | Lair:1   | Entered Level 1 of the Lair of Beasts
 14217 | Lair:1   | Noticed baljet's ghost (novice TrFi)
 14220 | Lair:1   | Found a transporter.
 14246 | Lair:1   | Found a transporter.
 14696 | Lair:2   | Found a staircase to the Snake Pit.
 15340 | Lair:2   | Reached XP level 14. HP: 129/129 MP: 13/13
 15726 | Lair:3   | Reached skill level 18 in Axes
 15832 | Lair:3   | Found a dark tunnel.
 16154 | Lair:3   | Reached ****** piety under Makhleb
 16369 | Lair:3   | Found a blossoming altar of Fedhas.
 16458 | Lair:3   | Found a staircase to the Shoals.
 17040 | Lair:4   | Found a viscous altar of Jiyva.
 17041 | Lair:4   | Found a staircase to the Slime Pits.
 17328 | Lair:4   | Identified the +0 pair of gloves of Abstinence {Rampage Fly
                  | Dex-2 Slay+6}
 17473 | Lair:4   | Reached skill level 15 in Armour
 17922 | Lair:5   | Entered Level 5 of the Lair of Beasts
 17972 | Lair:5   | Reached skill level 5 in Stealth
 18132 | Lair:5   | Identified a scroll of acquirement
 18132 | Lair:5   | Acquired the +4 broad axe of Cobwebs {spect, rCorr Dex+4}
 18509 | Lair:5   | Reached XP level 15. HP: 103/139 MP: 8/14
 18593 | Lair:5   | Paralysed by a hornet for 2 turns
 18848 | Lair:5   | Reached skill level 15 in Fighting
 19189 | Shoals:1 | Entered Level 1 of the Shoals
 19364 | Shoals:1 | Found a runed translucent door.
 19365 | Shoals:1 | Noticed Wusuin's ghost (adept MiBe)
 19512 | Shoals:1 | Reached skill level 19 in Axes
 19805 | Shoals:1 | Noticed Donald
 19810 | Shoals:1 | Killed Donald
 20181 | Shoals:2 | Found a runed translucent gate.
 20182 | Shoals:2 | Found a runed translucent gate.
 20183 | Shoals:2 | Found an opulent altar of Gozag.
 20194 | Shoals:2 | Found a runed translucent gate.
 20200 | Shoals:2 | Noticed flestrin's ghost (adept SpEn)
 20201 | Shoals:2 | Found Fittifugg's Assorted Antiques.
 20367 | Shoals:2 | Noticed Frances
 20379 | Shoals:2 | Killed Frances
 20489 | Shoals:2 | Noticed Polyphemus
 20516 | Shoals:2 | Reached skill level 5 in Dodging
 20527 | Shoals:2 | Killed Polyphemus
 20908 | Shoals:2 | Noticed Ilsuiw
 21088 | Shoals:2 | Reached skill level 1 in Invocations
 21428 | Shoals:2 | Killed Ilsuiw
 22498 | Shoals:3 | Reached skill level 15 in Shields
 22591 | Shoals:3 | Gained mutation: You have hidden genetic defects. [a
                  | neqoxec]
 22600 | Shoals:3 | Gained mutation: Your spells are a little easier to cast,
                  | but a little less powerful. [a neqoxec]
 22918 | Shoals:3 | Reached XP level 16. HP: 142/151 MP: 14/16
 24760 | Shoals:4 | Entered Level 4 of the Shoals
 24923 | Shoals:4 | Gained mutation: Your body sometimes deteriorates upon
                  | taking damage. [hidden defects]
 25401 | Shoals:4 | HP: 11/228 [satyr/arrow (22)]
 25404 | Shoals:4 | HP: 4/228 [satyr/+0 longbow (6)]
 25405 | Shoals:4 | Shot with an arrow by a satyr

Illustrated notes

Levels and vault maps discovered:
D:1:      minmay_arrival_up_and_down, layout_loops_cross, grunt_decor_fettered,
          minmay_misc_feat_alley
D:2:      layout_basic
D:3:      layout_rooms, grunt_qazlal_clouds, minivault_27,
          nicolae_underground_beach
D:4:      layout_basic, tso_metal_star, amcnicky_altar_gilded,
          nicolae_nh_oracle_at_delphi, uniq_pikel
D:5:      layout_basic, mainiacjoe_overflow_brackets,
          mainiacjoe_overflow_boulevard, mainiacjoe_overflow_catch_the_wave,
          minmay_temple_entry_glass, uniq_eustachio, uniq_crazy_yiuf_cottage
D:6:      layout_loops_ring, serial_shops, nicolae_shop_stone, shop,
          nicolae_shop_behind_doors
D:7:      minmay_bubble_buster, layout_gridville
D:8:      layout_layer_cave, mainiacjoe_overflow_divided_tiny,
          gammafunk_ghost_icy, uniq_jeremiah, uniq_maurice
D:9:      layout_loops_ring, orc_0_dummy, serial_glass, glass_columns_c,
          glass_columns_b, glass_columns_a, glass_columns_a, uniq_psyche
D:10:     lemuel_bear_cage, layout_small_grid, general_overflow_altar,
          mainiacjoe_overflow_surrounded_room,
          hangedman_abyss_or_decor_jellyfish_corner
D:11:     layout_irregular_city, minmay_lair_entry_grove,
          serial_co_window_serial, co_window_corner_a, co_window_paths_b,
          co_window_paths_a, co_window_paths_b, co_window_paths_a,
          co_window_corner_a, co_window_paths_a, co_window_broadway_b,
          co_window_unsneaky_path_b, co_window_corner_cb, co_window_4corner_a,
          co_window_paths_e, uniq_grum, uniq_erica
D:12:     layout_gridville, st_stairs_10
D:13:     layout_roguey, grunt_vaults_entry_fortified, serial_shops, shop,
          nicolae_benzene_ring, kennysheep_cluttered_room
Temple:   minmay_freezing_vapour_temple
Lair:1:   layout_small_grid, nzn_ghost_randoct, infiniplex_staircase_pool
Lair:2:   layout_gridlike, minmay_snake_entry_six_corridors, lemuel_fruit_fields
Lair:3:   layout_hall_layers, elwin_shoals_entry_rooms,
          nicolae_volcano_entry_two_sided, hangedman_tree_tricks,
          serial_bayou_shore_a, lemuel_fruit_tree
Lair:4:   layout_roguey, slime_entry_1, wad_woods_road_05
Lair:5:   minmay_lair_end_enchanted_forest, layout_small_grid,
          chequers_serial_rivers_large_a, infiniplex_staircase_pool_2
Shoals:1: layout_shoals, gammafunk_ghost_grave, uniq_donald
Shoals:2: layout_shoals, ebering_ghost_gozag, uniq_ilsuiw, uniq_polyphemus,
          uniq_frances
Shoals:3: nzn_motion_control, layout_shoals
Shoals:4: shoals_end_hellmonk_lost_city

Skill      XL: |  1  2  3  4  5  6  7  8  9 10 11 12 13 14 15 16 |
---------------+-------------------------------------------------+-----
Fighting       | 4 5 6 7 9 10 11 13 14 16 | 16.6
Armour         | 4 5 6 7 8 9 11 12 14 15 16 17 | 17.0
Shields        | 4 5 6 7 8 9 11 13 15 | 15.5
Axes           | 3 4 5 6 7 10 11 13 15 16 17 18 19 | 19.6
Dodging        | 1 2 3 4 5 |  5.4
Stealth        | 1 2 3 4 5 |  5.5
Evocations     | 1 2 |  2.0
Invocations    | 1 2 |  2.3

Action                     |  1- 3 |  4- 6 |  7- 9 | 10-12 | 13-15 | 16-18 || total
---------------------------+-------+-------+-------+-------+-------+-------++-------
  Melee: War axe           |    65 |    75 |   143 |   451 |   378 |       ||  1112
         Headbutt          |     4 |    13 |    16 |   104 |   224 |    19 ||   380
         Broad axe         |       |       |       |       |   346 |    66 ||   412
 Invoke: Lesser Servant of |       |       |       |       |     3 |       ||     3
         Greater Servant o |       |       |       |       |     1 |       ||     1
         Minor Destruction |       |       |       |       |       |     1 ||     1
  Evoke: Wand              |       |       |     7 |       |     5 |     5 ||    17
         Tin of tremorston |       |       |       |       |     3 |     1 ||     4
    Use: Scroll            |       |       |    13 |    11 |    11 |       ||    35
         Potion            |       |       |     1 |       |    12 |    15 ||    28
   Stab: Distracted        |       |       |     1 |     5 |    15 |       ||    21
         Petrifying        |       |       |       |       |     1 |       ||     1
         Petrified         |       |       |       |       |     1 |       ||     1
 Armour: Scale mail        |    43 |    45 |    43 |       |       |       ||   131
         Plate armour      |       |       |    45 |   211 |   443 |    66 ||   765
         Skin              |       |       |       |       |       |     7 ||     7
  Dodge: Dodged            |    28 |    48 |    52 |   123 |   230 |    60 ||   541
  Block: Buckler           |    15 |    31 |    38 |    80 |       |       ||   164
         Kite shield       |       |       |       |    23 |   443 |    94 ||   560
         Reflection        |       |       |       |       |     1 |       ||     1

Table legend: (Time is in decaauts)
 A = Elapsed time spent in this place.
 B = Non-inter-level travel time spent in this place.
 C = Inter-level travel time spent in this place.
 D = Time resting spent in this place.
 E = Time spent auto-exploring this place.
 F = Levels seen in this place.
 G = Mean time per level.
                   A        B        C        D        E       F      G
               +--------+--------+--------+--------+--------+-----+--------+
         Total |  25199 |  24825 |    374 |   5079 |  14433 |  24 | 1050.0 |
       Dungeon |  13166 |  12918 |    248 |   1944 |   8245 |  13 | 1012.8 |
        Temple |     20 |     20 |      0 |      0 |      0 |   1 |   20.0 |
          Lair |   5384 |   5313 |     71 |    182 |   3867 |   5 | 1076.8 |
        Shoals |   6142 |   6087 |     55 |   2953 |   1962 |   4 | 1535.5 |
         Abyss |    485 |    485 |      0 |      0 |    359 |   1 |  485.0 |
               +--------+--------+--------+--------+--------+-----+--------+

Top non-repeatable levels by time:
Shoals:3: 2675 daAuts
Shoals:2: 1803 daAuts
    D:13: 1641 daAuts
     D:8: 1453 daAuts
     D:7: 1429 daAuts
    D:11: 1406 daAuts
  Lair:3: 1364 daAuts
     D:4: 1220 daAuts
  Lair:2: 1168 daAuts
  Lair:5: 1108 daAuts
    D:12: 1045 daAuts
     D:9: 1037 daAuts
Shoals:1: 1029 daAuts
  Lair:4: 930 daAuts
    D:10: 908 daAuts
